 Dungeon Crawl Stone Soup version 0.31.0-12-g77e489cdc1 (webtiles) character file.

Game seed: 2121543682527194579

116 Tovical the Gusty (level 5, 0/30 HPs)
             Began as a Tengu Air Elementalist on Mar 7, 2024.
             Slain by an iguana (11 damage)
             ... on level 4 of the Dungeon.
             The game lasted 00:09:50 (2552 turns).

Tovical the Gusty (Tengu Air Elementalist)          Turns: 2552, Time: 00:09:52

Health: 0/30       AC:  3    Str:  8    XL:     5   Next: 0%
Magic:  7/10       EV: 12    Int: 18    God:
Gold:   111        SH:  0    Dex: 20    Spells: 9/10 levels left

rFire   . . .        g - +0 hand axe
rCold   . . .        (no shield)
rNeg    . . .        l - +0 leather armour
rPois   .            (helmet restricted)
rElec   .            (no cloak)
rCorr   .            (no gloves)
SInv    .            (boots unavailable)
Will    .....        (no amulet)
Stlth   ++           e - +6 ring of dexterity
HPRegen 0.25/turn    j - +4 ring of slaying
MPRegen 0.12/turn

%: acrobat
@: no status effects
A: beak, talons 3, acrobatic
a: no special abilities


You were on level 4 of the Dungeon.
You visited 1 branch of the dungeon, and saw 4 of its levels.

You collected 210 gold pieces.
You spent 99 gold pieces at shops.

Inventory:

Hand Weapons
 g - a +0 hand axe (weapon)
Armour
 c - the +2 chain mail of Love and Death {rN+ rCorr Stlth+}
   (You found it on level 4 of the Dungeon)

   rN+:       It protects you from negative energy.
   rCorr:     It protects you from acid and corrosion.
   Stlth+:    It makes you more stealthy.
 l - a +0 leather armour (worn)
Jewellery
 e - a +6 ring of dexterity (left hand)
 i - a ring of fire
 j - a +4 ring of slaying (right hand)
Scrolls
 a - 3 scrolls of fear {unknown}
 k - 2 scrolls of teleportation
Potions
 b - a potion of magic
 d - 3 potions of curing
 f - a potion of heal wounds
 h - a potion of brilliance


   Skills:
 - Level 2.0 Fighting
 - Level 2.1 Dodging
 - Level 2.0 Stealth
 + Level 3.2 Spellcasting
 - Level 1.3 Conjurations
 + Level 5.4 Air Magic


You had 9 spell levels left.
You knew the following spells:

 Your Spells              Type           Power      Damage    Failure   Level
a - Shock                 Conj/Air       60%        1d6       6%          1

Your spell library contained the following spells:

 Spells                   Type           Power      Damage    Failure   Level
 Swiftness                Air            22%        N/A       8%          3
 Static Discharge         Conj/Air       30%        3-5/arc   9%          2
 Foxfire                  Conj/Fire      20%        2x1d5     19%         1
 Freeze                   Ice            8%         1d3       24%         1
 Airstrike                Air            11%        2d(2-18)  26%         4
 Hailstorm                Conj/Ice       5%         3d5       47%         3
 Frozen Ramparts          Ice            4%         1d1       56%         3


Dungeon Overview and Level Annotations

Branches:
Dungeon (4/15)
 Temple: D:4-7

Altars:

Shops:
D:1 !

Annotations:
D:4 2 runed translucent doors


Innate Abilities, Weirdness & Mutations

You have a beak for a mouth.
You have claws for feet.
You can magically evade attacks while moving or waiting.


Message History

The endoplasm quivers.
Found a spiked chain mail.
Found a stone staircase leading down.
You see here the +2 chain mail of Love and Death {rN+ rCorr Stlth+}.
c - the +2 chain mail of Love and Death {rN+ rCorr Stlth+} An iguana comes into view.
Aiming: Shock (safe; 6% risk of failure)
Press: ? - help, Q - select action Shift-Dir - straight line, f - endoplasm
Aim: an endoplasm (98% to hit)
The zap hits the endoplasm.
You kill the endoplasm!
The iguana hisses angrily.
A giant cockroach comes into view.
An adder comes into view.
The giant cockroach moves out of view.
You have reached level 5!
The iguana hisses menacingly.
An adder comes into view.
Okay, then.
You aren't carrying any items that you can evoke.
Okay, then.
Okay, then.
Aiming: Shock (safe; 6% risk of failure)
Press: ? - help, Q - select action Shift-Dir - straight line The zap hits the iguana.
The iguana is moderately wounded.
The zap hits the iguana.
The iguana is heavily wounded.
Aiming: Shock (safe; 6% risk of failure)
Press: ? - help, Q - select action Shift-Dir - straight line, f - iguana
Aim: an iguana (heavily wounded, 75% to hit)
The zap hits the iguana.
The iguana is severely wounded.
The iguana closely misses you.
Aiming: Shock (safe; 6% risk of failure)
Press: ? - help, Q - select action Shift-Dir - straight line, f/p - iguana
Aim: an iguana (severely wounded, 75% to hit)
The zap hits the iguana.
The iguana is almost dead.
The iguana bites you!
You die...

.. #...######### ###.#
..........l@###...S.#
############.........#
.............#########
##############


You could see an iguana.

Vanquished Creatures
  6 adders
  3 dart slugs
  2 ribbon worms
  5 bats
  3 endoplasms
  A giant cockroach (D:1)
  6 goblins
  5 hobgoblins
  6 jackals
  4 kobolds
  A quokka (D:1)
  3 ball pythons
  3 frilled lizards
  3 rats
51 creatures vanquished.

Notes
Turn   | Place    | Note
-------+----------+-------------------------------------------
     0 | D:1      | Tovical the Tengu Air Elementalist began the quest for the
                  | Orb.
     0 | D:1      | Reached XP level 1. HP: 10/10 MP: 4/4
   271 | D:1      | Reached XP level 2. HP: 16/16 MP: 6/6
   273 | D:1      | Found a faded altar of an unknown god.
   281 | D:1      | Got Plato's Almanac of the Sun
   498 | D:1      | Reached skill level 1 in Fighting
   635 | D:1      | Found Heiwkiac's Distillery.
   650 | D:1      | Bought 2 potions of curing for 66 gold pieces
   650 | D:1      | Bought a potion of curing for 33 gold pieces
  1055 | D:1      | Reached XP level 3. HP: 20/20 MP: 4/7
  1680 | D:2      | Reached XP level 4. HP: 26/26 MP: 3/9
  1810 | D:2      | Reached skill level 5 in Air Magic
  2480 | D:3      | You fall into a shaft and drop 1 floor!
  2498 | D:4      | Found a large runed translucent door.
  2498 | D:4      | Found a large runed translucent door.
  2501 | D:4      | Noticed a centaur
  2504 | D:4      | Noticed an ogre
  2515 | D:4      | HP: 1/26 [ogre/+0 giant club (25)]
  2529 | D:4      | Identified the +2 chain mail of Love and Death {rN+ rCorr
                  | Stlth+}
  2533 | D:4      | Reached XP level 5. HP: 6/30 MP: 8/10
  2552 | D:4      | Slain by an iguana

Illustrated notes

Levels and vault maps discovered:
D:1:      dpeg_arrival_rooms_b, layout_basic,
          shapermc_ecumenical_altar_rom_forum, serial_shops, shop_fountains,
          minmay_gold_behind_fungi
D:2:      layout_basic
D:3:      layout_rooms, grunt_dithmenos_smoke_and_mirrors,
          reono_crystal_passage, nicolae_concentric_dashed_squares_wild
D:4:      layout_rooms, gammafunk_temple_overflow_wave,
          minmay_hollow_rounded_squares, uniq_eustachio

Skill      XL: |  1  2  3  4 |
---------------+-------------+-----
Fighting       | 1 2 |  2.0
Air Magic      | 5 |  5.4
Spellcasting   | 3 |  3.2
Dodging        | |  2.1
Stealth        | |  2.0
Conjurations   | |  1.3

Action                     |  1- 3 |  4- 6 || total
---------------------------+-------+-------++-------
  Melee: Club              |    11 |       ||    11
         Peck              |    13 |     1 ||    14
         Kick              |     9 |     2 ||    11
         Hand axe          |    41 |    10 ||    51
   Cast: Shock             |    26 |    41 ||    67
    Use: Scroll            |     4 |     3 ||     7
   Stab: Sleeping          |     3 |       ||     3
 Armour: Robe              |    25 |       ||    25
         Leather armour    |       |    12 ||    12
  Dodge: Dodged            |    37 |    14 ||    51
